 Dungeon Crawl Stone Soup version 0.23-a0-180-ga5275e7 (webtiles) character file.

65 Inarius the Skirmisher (level 3, -2/29 HPs)
             Began as a Mummy Fighter on Sept 18, 2018.
             Slain by Sigmund
             ... wielding a +0 scythe
              (9 damage)
             ... on level 2 of the Dungeon.
             The game lasted 00:02:02 (1493 turns).

Inarius the Skirmisher (Mummy Fighter)              Turns: 1493, Time: 00:02:03

Health: -2/29      AC:  6    Str: 20    XL:     3   Next: 92%
Magic:  3/3        EV:  5    Int:  7    God:
Gold:   25         SH: 13    Dex: 11    Spells: 2/2 levels left

rFire    x . .     SeeInvis .   a - +0 war axe
rCold    + . .     Gourm    .   g - +0 large shield
rNeg     + + +     Faith    .   b - +0 scale mail
rPois    ∞         Spirit   .   (no helmet)
rElec    .         Reflect  .   (no cloak)
rCorr    +         Harm     .   (no gloves)
MR       .....                  (no boots)
Stlth    ..........             (no amulet)
HPRegen  0.09/turn              d - ring of resist corrosion
MPRegen  0.08/turn              (no ring)

@: no status effects
A: no food or potions, fire vulnerability, cold resistance 1, negative energy
resistance 3, torment resistance, unbreathing
a: no special abilities


You were on level 2 of the Dungeon.
You were not hungry.

You visited 1 branch of the dungeon, and saw 3 of its levels.

You collected 25 gold pieces.

Inventory:

Hand Weapons
 a - a +0 war axe (weapon)
Armour
 b - a +0 scale mail (worn)
 g - a +0 large shield (worn)
Jewellery
 d - a ring of resist corrosion (left hand)
Scrolls
 c - a scroll of remove curse {unknown}
 e - a scroll of identify
 f - 2 scrolls of teleportation


   Skills:
 + Level 3.4 Fighting
 + Level 2.3 Axes
 + Level 2.8 Armour
 + Level 0.3 Dodging
 + Level 2.8 Shields


You had 2 spell levels left.
You didn't know any spells.
Your spell library was empty.

Dungeon Overview and Level Annotations

Branches:
Dungeon (3/15)

Altars:

Annotations:
D:2 Sigmund


Innate Abilities, Weirdness & Mutations

You do not eat or drink.
Your flesh is vulnerable to fire.
You are immune to poison.
Your flesh is cold resistant. (rC+)
You are immune to negative energy. (rN+++)
You are immune to unholy pain and torment.
You can survive without breathing.


Message History

You bump into the rock wall.
Something hits you.
You bump into the rock wall.
You feel less confused. You block something's attack. Something hits you.
You miss something. Something hits you.
You miss something. Something hits you!
* * * LOW HITPOINT WARNING * * *
You miss something. You block something's attack.
You closely miss something.
Sigmund appears from thin air!
Reactivating autopickup.
Sigmund mumbles some strange words.
Sigmund flickers and vanishes!
Deactivating autopickup; reactivate with Ctrl-A.
You slash something! Something hits you but does no damage.
As you read the scroll labeled GISO DUSEULOPP, it crumbles to dust.
It is a scroll of identify.
f - 2 scrolls of teleportation Something hits you!
You die...

####### #.....# #####
####.###.# #...# .
.....###.###...#####.##..
.##......................
...>.....................
##.#########...####......
...........#...{@....#
...........#............#
.!.........###.......#...
...........# #.......# #
...........# #.........
##.######### #......####
##.#### #......# ......#
######## ......#


There were no monsters in sight!

Vanquished Creatures
  2 adders
  2 worms (D:2)
  2 dart slugs (D:1)
  2 leopard geckos
  A giant cockroach (D:1)
  A goblin (D:2)
  2 hobgoblins
  6 jackals
  2 kobolds (D:2)
  A quokka (D:2)
  2 ball pythons
  5 bats
  2 frilled lizards
  5 rats (D:1)
35 creatures vanquished.

Notes
Turn   | Place    | Note
-------+----------+-------------------------------------------
     0 | D:1      | Inarius the Mummy Fighter began the quest for the Orb.
     0 | D:1      | Reached XP level 1. HP: 18/18 MP: 1/1
   168 | D:1      | Reached XP level 2. HP: 21/24 MP: 2/2
   810 | D:2      | Reached XP level 3. HP: 27/29 MP: 3/3
  1167 | D:2      | Noticed Sigmund
  1493 | D:2      | Slain by Sigmund

Vault maps used:
D:1:      eino_arrival_druids_welcome
D:2:      uniq_sigmund
D:3:      serial_glass, glass_columns_b, glass_columns_a, glass_columns_a,
          glass_columns_b, glass_columns_a, glass_columns_a, glass_columns_b,
          glass_columns_b, nicolae_dithmenos_through_a_glass_darkly

Skill      XL: |  1  2 |
---------------+-------+-----
Axes           | 2 |  2.3
Fighting       | |  3.4
Armour         | |  2.8
Dodging        | |  0.3
Shields        | |  2.8

Action                   || total
-------------------------++-------
Melee: War axe           ||   126
  Use: Scroll            ||     1
Armor: Scale mail        ||    67
Dodge: Dodged            ||    51
Block: Shield            ||    59
       Large shield      ||    30

Table legend:
 A = Non-vault XP
 B = Vault XP
 C = Vault XP percentage of total XP
 D = Non-vault monster count
 E = Vault monster count
 F = Vault count percentage of total count
                 A         B        C        D         E       F
            +---------+---------+-------+---------+---------+-------
      Total |      93 |       0 |   0.0 |      35 |       0 |   0.0
            +---------+---------+-------+---------+---------+-------
        D:1 |      31 |       0 |   0.0 |      17 |       0 |   0.0
        D:2 |      46 |       0 |   0.0 |      15 |       0 |   0.0
        D:3 |      16 |       0 |   0.0 |       3 |       0 |   0.0
            +---------+---------+-------+---------+---------+-------
